 Dungeon Crawl Stone Soup version 0.28-a0-1292-gb4563b27b3 (webtiles) character file.

Game seed: 4544529544317898723

80 ChaosChampion the Insei (level 4, -1/28 HPs)
             Began as an Octopode Transmuter on Dec 27, 2021.
             Slain by a gnoll (3 damage)
             ... on level 3 of the Dungeon.
             The game lasted 00:01:45 (3115 turns).

ChaosChampion the Insei (Octopode Transmuter)       Turns: 3115, Time: 00:01:46

Health: -1/28      AC:  2    Str:  9    XL:     4   Next: 39%
Magic:  4/7        EV: 19    Int: 17    God:
Gold:   35         SH:  0    Dex: 17    Spells: 1/7 levels left

rFire   . . .      SeeInvis .     - Unarmed
rCold   . . .      Faith    .   (shield currently unavailable)
rNeg    . . .      Spirit   .   (helmet currently unavailable)
rPois   x          Reflect  .   (no amulet)
rElec   .          Harm     .   (no ring)
rCorr   .          Rampage  .   (no ring)
Will    .....                   (no ring)
Stlth   ++........              (no ring)
HPRegen 0.09/turn               (no ring)
MPRegen 0.10/turn               (no ring)
                                (no ring)
                                (no ring)

@: spider-form (expiring)
A: venomous fangs, almost no armour, (amphibious), 8 rings, tiny, (camouflage
1), (gelatinous body 1), (nimble swimmer 1), (tentacles)
a: End Transformation


You were on level 3 of the Dungeon.
You were a venomous arachnid creature.
You visited 1 branch of the dungeon, and saw 3 of its levels.

You collected 35 gold pieces.

Inventory:

Scrolls
 a - a scroll of fear {unknown}
 b - 2 scrolls of noise {unknown}
 c - 3 scrolls of identify {unknown}
 d - a scroll of brand weapon {unknown}
 e - a scroll of fog {unknown}
 f - a scroll of amnesia {unknown}
 h - a scroll of acquirement {unknown}
 i - a scroll of magic mapping {unknown}
Potions
 g - a potion of flight {unknown}


   Skills:
 - Level 1.0 Fighting
 - Level 2.0 Dodging
 * Level 4.5 Unarmed Combat
 + Level 2.0 Spellcasting
 + Level 2.9 Transmutations


You had one spell level left.
You knew the following spells:

 Your Spells              Type           Power      Damage    Failure   Level
a - Beastly Appendage     Tmut           22%        N/A       17%         1
b - Wereblood             Tmut           11%        N/A       22%         2
c - Spider Form           Tmut/Pois      6%         N/A       52%         3

Your spell library contained the following spells:

 Spells                   Type           Power      Damage    Failure   Level
 Sting                    Tmut/Pois      24%        1d4       26%         1
 Poisonous Vapours        Pois/Air       2%         N/A       50%         2
 Ice Form                 Ice/Tmut       6%         N/A       87%         4
 Olgreb's Toxic Radiance  Pois           1%         N/A       96%         4


Dungeon Overview and Level Annotations

Branches:
Dungeon (3/15)

Altars:


Innate Abilities, Weirdness & Mutations

You are a venomous arachnid creature.
You have poisonous fangs.
You are tiny and dextrous.
Your spellcasting is less reliable in this form.
Your armour is entirely melded.
You are incapable of wielding weapons or throwing items.
You cannot wear most types of armour.
((You are amphibious.))
You can wear up to eight rings at the same time.
((Your skin changes colour to match your surroundings (Stealth+).))
((Your rubbery body absorbs attacks. (AC +1, EV +1)))
((You are camouflaged when in or above water. (Stealth+)))
((You have tentacles for arms and can constrict up to eight enemies at once.))


Message History

You hit the gnoll.
The gnoll is almost dead.
You kill the gnoll!
No target in view!
Your transformation has ended.
There is a stone staircase leading down here.
You climb downwards.
There is a stone staircase leading up here.
An endoplasm comes into view.
An endoplasm is nearby!
An endoplasm is nearby!
An endoplasm is nearby!
The endoplasm quivers.
Casting: Spider Form (extremely dangerous; 30% risk of failure)
Confirm with . or Enter, or press ? or * to list all spells.
One of your tentacles grows a vicious spike.
You tentacle-slap the endoplasm.
You pierce the endoplasm.
You kill the endoplasm!
No target in view!
Your transformation is almost over.
Magic restored.
Your tentacle spike disappears.
A gnoll is nearby!
A gnoll is nearby!
A gnoll is nearby!
The gnoll hits you with a +0 halberd!
Ouch! That really hurt!
Casting: Beastly Appendage (safe; 6% risk of failure)
Confirm with . or Enter, or press ? or * to list all spells.
The spell is extremely dangerous to miscast (30% risk of failure)!
Continue anyway?
You turn into a venomous arachnid creature.
Your transformation is almost over.
The gnoll hits you with a +0 halberd!
* * * LOW HITPOINT WARNING * * *
You are too injured to fight recklessly!
You are too injured to fight recklessly!
You are too injured to fight recklessly!
You hit the gnoll but do no damage.
The gnoll is poisoned.
The gnoll hits you with a +0 halberd.
You die...

#...g..g..# #.##.#
#<#######.###.##.###########
#.# #####................<..
#.# #......##.##.###########
#.# #.####............# #.#
####.##.####.# #.# . #.##.#
### ....#####.##.#
......gs.(...#
....#.###.#........ . ..
#.#.#####.# ## #.#.# .#... .
..# #. ..# ......


You could see a gnoll (very poisoned).

Vanquished Creatures
  A gnoll (D:2)
  3 adders (D:2)
  A dart slug (D:1)
  5 bats
  7 endoplasms
  A giant cockroach (D:2)
  3 hobgoblins
  2 jackals (D:1)
  2 kobolds
  2 quokkas
  7 ball pythons
  A frilled lizard (D:1)
  5 rats
40 creatures vanquished.

Notes
Turn   | Place    | Note
-------+----------+-------------------------------------------
     0 | D:1      | ChaosChampion the Octopode Transmuter began the quest for
                  | the Orb.
     0 | D:1      | Reached XP level 1. HP: 13/13 MP: 3/3
   232 | D:1      | Found a faded altar of an unknown god.
   522 | D:1      | Reached XP level 2. HP: 18/18 MP: 3/5
  1111 | D:2      | Reached XP level 3. HP: 19/23 MP: 4/6
  1492 | D:2      | Reached skill level 4 in Unarmed Combat
  2204 | D:2      | Reached XP level 4. HP: 28/28 MP: 7/7
  2326 | D:2      | Learned a level 2 spell: Wereblood
  2330 | D:2      | Learned a level 3 spell: Spider Form
  3115 | D:3      | Slain by a gnoll

Illustrated notes

Levels and vault maps discovered:
D:1:      wander_arrival_estate, layout_basic, chequers_ecumenical_altar_grove
D:2:      layout_basic
D:3:      minmay_spotlight, layout_loops_ring, nicolae_dithmenos_shadow_blocks,
          chequers_serial_rivers_micro_a, chequers_serial_rivers_micro_a,
          uniq_terence

Skill      XL: |  1  2  3 |
---------------+----------+-----
Unarmed Combat | 4 |  4.5
Fighting       | |  1.0
Dodging        | |  2.0
Spellcasting   | |  2.0
Transmutations | |  2.9

Action                   |  1- 3 |  4- 6 || total
-------------------------+-------+-------++-------
Melee: Unarmed           |    83 |    12 ||    95
       Kick              |    15 |     2 ||    17
       Tentacles         |    17 |     1 ||    18
       Constrict         |    19 |     2 ||    21
 Cast: Beastly Appendage |    23 |     3 ||    26
       Spider Form       |       |     2 ||     2
 Stab: Sleeping          |     5 |     1 ||     6
Armor: Skin              |     4 |     1 ||     5
Dodge: Dodged            |    54 |     7 ||    61

Table legend: (Time is in decaauts)
 A = Elapsed time spent in this place.
 B = Non-inter-level travel time spent in this place.
 C = Inter-level travel time spent in this place.
 D = Time resting spent in this place.
 E = Time spent auto-exploring this place.
 F = Levels seen in this place.
 G = Mean time per level.
                   A        B        C        D        E       F      G
               +--------+--------+--------+--------+--------+-----+--------+
         Total |   3109 |   3080 |     29 |    386 |   2267 |   3 | 1036.3 |
       Dungeon |   3109 |   3080 |     29 |    386 |   2267 |   3 | 1036.3 |
               +--------+--------+--------+--------+--------+-----+--------+

Top non-repeatable levels by time:
     D:2: 1637 daAuts
     D:1: 1395 daAuts
     D:3: 76 daAuts
